 Dungeon Crawl Stone Soup version 0.25.1-2-g60ff931df9 (webtiles) character file.

Game seed: 2632364921888844087

50 Borneo the Sneak (level 3, -3/13 HPs)
             Began as a Vampire Assassin on Oct 23, 2020.
             Was an Initiate of Ru.
             Slain by a worm (8 damage)
             ... on level 2 of the Dungeon.
             The game lasted 00:19:21 (998 turns).

Borneo the Sneak (Vampire Assassin)                  Turns: 998, Time: 00:19:22

Health: -3/13      AC:  3    Str: 10    XL:     3   Next: 55%
Magic:  3/3        EV: 12    Int: 13    God:    Ru [......]
Gold:   64         SH:  0    Dex: 16    Spells: 2/2 levels left

rFire    . . .     SeeInvis +   a - +2 dagger
rCold    + + .     Gourm    .   (no shield)
rNeg     + + +     Faith    .   b - +0 robe
rPois    ∞         Spirit   .   (no helmet)
rElec    .         Reflect  .   c - +0 cloak
rCorr    .         Harm     .   (no gloves)
MR       .....                  (no boots)
Stlth    ++++++....             (no amulet)
HPRegen  0.00/turn              (no ring)
MPRegen  0.08/turn              (no ring)

@: bloodless
A: no food, fangs 3, see invisible, [frail 3], unbreathing
a: Bat Form, Revivify, Renounce Religion


You were on level 2 of the Dungeon.
You worshipped Ru.
Ru was noncommittal.
You were bloodless.

You visited 1 branch of the dungeon, and saw 2 of its levels.

You collected 64 gold pieces.

Inventory:

Hand Weapons
 a - a +2 dagger (weapon)
 f - a +0 club
 g - a +0 club
 i - a +0 short sword
Missiles
 d - 8 poisoned darts (quivered)
 e - 2 curare-tipped darts
Armour
 b - a +0 robe (worn)
 c - a +0 cloak (worn)
 s - a +0 robe
Jewellery
 m - a cursed amulet of inaccuracy {unknown}
Scrolls
 p - a scroll of teleportation
Potions
 h - a potion of resistance {unknown}
 k - a potion of ambrosia {unknown}
 l - a potion of lignification {unknown}
 o - a potion of berserk rage {unknown}
 q - a potion of curing {unknown}
Comestibles
 j - 2 rations


   Skills:
 + Level 1.9 Fighting
 + Level 2.5 Short Blades
 + Level 1.8 Throwing
 + Level 1.1 Dodging
 + Level 7.4 Stealth


You had 2 spell levels left.
You didn't know any spells.
Your spell library was empty.

Dungeon Overview and Level Annotations

Branches:
Dungeon (2/15)

Altars:
Cheibriados
Ru
Uskayaw
Wu Jian


Innate Abilities, Weirdness & Mutations

You do not eat.
You do not regenerate when monsters are visible.
You are frail without blood (-20% HP).
You can heal yourself when you bite living creatures.
You are immune to poison.
You have razor-sharp teeth.
You have supernaturally acute eyesight. (SInv)
You can survive without breathing.
[You are extremely frail. (-30% HP)]


Message History

The worm misses you.
You completely miss the worm. You bite the worm.
The worm is heavily wounded.
You hit the worm.
The worm is heavily wounded.
A goblin comes into view.
The worm barely misses you.
You barely miss the worm.
The worm is heavily wounded.
The goblin shouts!
You hit the worm.
The worm is heavily wounded.
The worm bites you.
You hit the worm.
The worm is heavily wounded.
You hit the worm but do no damage. You bite the worm.
The worm is severely wounded.
The worm bites you!
Ouch! That really hurt!
You die...

###
#####.......#
##†#.####
#...#####.
#.........
#...#####.
#.........
#g...####.
#.[..# #@#..#
#######w#..#
#...w...#.>#
#..$....####
#.......#
#.......#
#.......#
#.......#
#######..


You could see a worm and a goblin.

Vanquished Creatures
  2 adders (D:2)
  A worm (D:2)
  A bat (D:1)
  2 giant cockroaches
  4 goblins
  8 hobgoblins
  2 frilled lizards (D:1)
  3 kobolds (D:1)
  4 rats
27 creatures vanquished.

Notes
Turn   | Place    | Note
-------+----------+-------------------------------------------
     0 | D:1      | Borneo the Vampire Assassin began the quest for the Orb.
     0 | D:1      | Reached XP level 1. HP: 16/16 MP: 1/1
    39 | D:1      | Reached skill level 6 in Stealth
   214 | D:1      | Reached XP level 2. HP: 11/17 MP: 2/2
   655 | D:1      | Reached skill level 7 in Stealth
   767 | D:2      | Reached XP level 3. HP: 18/18 MP: 3/3
   785 | D:2      | Found an ornate altar of the Wu Jian Council.
   794 | D:2      | Found a sacrificial altar of Ru.
   796 | D:2      | Found a snail-covered altar of Cheibriados.
   845 | D:2      | Became a worshipper of Ru the Awakened
   959 | D:2      | Found a hide-covered altar of Uskayaw.
   998 | D:2      | Slain by a worm

Illustrated notes

Levels and vault maps discovered:
D:1:      heliophobic_arrival_battle_scene, layout_loops_ring,
          minmay_heptomino_o4
D:2:      layout_basic, overflow_temple_1_default,
          nicolae_dithmenos_through_a_glass_darkly, grunt_temple_overflow_open,
          minmay_misc_feat_tiny

Skill      XL: |  1  2 |
---------------+-------+-----
Stealth        | 6 7 |  7.4
Fighting       | |  1.9
Short Blades   | |  2.5
Throwing       | |  1.8
Dodging        | |  1.1

Action                   || total
-------------------------++-------
Melee: Dagger            ||    74
       Bite              ||     5
 Abil: Exsanguinate      ||     4
       Revivify          ||     3
  Use: Scroll            ||     5
 Stab: Sleeping          ||    11
Armor: Robe              ||     6
Dodge: Dodged            ||    22
